 Dungeon Crawl Stone Soup version 0.29-a0-283-ga02f740833 (webtiles) character file.

Game seed: 16536477196309789592

146 kae the Slasher (level 5, -5/42 HPs)
             Began as a Merfolk Abyssal Knight on Mar 13, 2022.
             Was a Believer of Lugonu.
             Slain by an iguana (8 damage)
             ... on level 3 of the Dungeon.
             The game lasted 00:01:34 (2396 turns).

kae the Slasher (Merfolk Abyssal Knight)            Turns: 2396, Time: 00:01:35

Health: -5/42      AC:  6    Str: 13    XL:     5   Next: 28%
Magic:  0/7        EV: 12    Int:  9    God:    Lugonu [**....]
Gold:   50         SH:  0    Dex: 17    Spells: 4/4 levels left

rFire   . . .      SeeInvis .   a - +1 falchion
rCold   . . .      Faith    .   (no shield)
rNeg    . . .      Spirit   +   h - +0 ring mail
rPois   .          Reflect  .   (no helmet)
rElec   .          Harm     .   (no cloak)
rCorr   .          Rampage  .   (no gloves)
Will    .....                   i - +0 pair of boots
Stlth   +.........              s - amulet of guardian spirit
HPRegen 0.14/turn               (no ring)
MPRegen 0.10/turn               (no ring)

@: no status effects
A: (nimble swimmer 2), mertail
a: Renounce Religion, Depart the Abyss, Bend Space


You were on level 3 of the Dungeon.
You worshipped Lugonu.
Lugonu was pleased with you.
You visited 1 branch of the dungeon, and saw 3 of its levels.
You visited the Abyss 1 time.

You collected 149 gold pieces.
You spent 99 gold pieces at shops.

Inventory:

Hand Weapons
 a - a +1 falchion (weapon)
Missiles
 d - a throwing net
Armour
 b - a +0 leather armour
 h - a +0 ring mail (worn)
 i - a +0 pair of boots (worn)
Jewellery
 s - an amulet of guardian spirit (around neck)
Potions
 c - 2 potions of cancellation
 e - a potion of resistance
 f - a potion of attraction {unknown}
 j - a potion of might {unknown}
 l - 2 potions of curing
 q - 2 potions of brilliance {unknown}
 r - 2 potions of degeneration


   Skills:
 + Level 4.0 Fighting
 * Level 4.2 Long Blades
 + Level 1.2 Armour
 + Level 3.8 Dodging
 + Level 2.9 Invocations


You had 4 spell levels left.
You didn't know any spells.
Your spell library contained the following spells:

 Spells                   Type           Power      Damage    Failure   Level
 Static Discharge         Conj/Air       0%         N/A       78%         2
 Leda's Liquefaction      Hex/Erth       0%         N/A       100%        4
 Lee's Rapid Deconstruct  Erth           0%         3d5*      100%        5
 Lightning Bolt           Conj/Air       0%         1d11      100%        5
 Statue Form              Tmut/Erth      0%         N/A       100%        6
 Maxwell's Capacitive Co  Air            0%         ∞         100%        8


Dungeon Overview and Level Annotations

Branches:
Dungeon (3/15)

Altars:
Hepliaklqana
Nemelex Xobeh

Shops:
D:2 (   D:3 *!

Annotations:
D:2 1 runed translucent door, Crazy Yiuf


Innate Abilities, Weirdness & Mutations

((You are very nimble when in or above water. (Stealth+, EV+, Speed+++)))
Your lower body shifts to a powerful aquatic tail in water.


Message History

You closely miss the iguana.
The iguana is heavily wounded.
The iguana bites you.
An iguana is nearby!
You hit the iguana but do no damage.
The iguana is heavily wounded.
The iguana misses you.
You hit the iguana but do no damage.
The iguana is heavily wounded.
The iguana bites you.
An iguana is nearby!
You are too injured to fight recklessly!
You are too injured to fight recklessly!
An iguana is nearby!
You are too injured to fight recklessly!
You are too injured to fight recklessly!
You are too injured to fight recklessly!
You are too injured to fight recklessly!
You slash the iguana!
The iguana is almost dead.
The iguana closely misses you.
You completely miss the iguana.
The iguana is almost dead.
The iguana bites you!
You barely miss the iguana.
The iguana is almost dead.
The iguana bites you but does no damage.
You hit the iguana but do no damage.
The iguana is almost dead.
The iguana closely misses you.
You hit the iguana but do no damage.
The iguana is almost dead.
The iguana bites you!
* * * LOW HITPOINT WARNING * * *
You closely miss the iguana.
The iguana is almost dead.
The iguana bites you!
* * * LOW HITPOINT WARNING * * *
The iguana bites you!
You die...

***,,,,***,,**>,,..,+,,,,,,,
*,,,,,,,*,,,**,##..,*****,**
*,,,,,,,,,,,**,...P,,,,,,,,,
*,,,.,,,,,,,**..PP=,≈,,,,,,,
*,,,..#+######.#...,≈≈,,,,,,
***,...............,≈≈≈≈,,,,
*,.........#.#.P.,≈≈≈≈≈,,,
*,...............≈≈≈≈≈≈≈,,
*,.......@.###.≈≈≈≈≈≈≈≈≈≈,
*,.......l.# *,≈≈≈≈≈≈≈≈≈≈,
*,.........# *,,≈≈≈≈≈≈≈≈,,
*,....$...## *,,,,≈≈≈≈≈*,,
*,........#***,,,,,≈≈,,,,,
*,........#*,,,,,,,,,,,,,,
*,........#*,,,,*****,,,,,
**#########*,.............
*,............,


You could see an iguana.

Vanquished Creatures
  Natasha (thrice) (D:2)
  3 adders (D:3)
  A worm (D:2)
  2 dart slugs
  8 endoplasms
  3 giant cockroaches
  A goblin (D:2)
  A hobgoblin (D:1)
  2 quokkas (D:1)
  2 ball pythons
  3 bats
  3 frilled lizards (D:1)
  A kobold (D:1)
  10 rats
43 creatures vanquished.

Vanquished Creatures (others)
  A fungus (D:2)
  3 plants (D:3)
4 creatures vanquished.

Grand Total: 47 creatures vanquished

Notes
Turn   | Place    | Note
-------+----------+-------------------------------------------
     0 | Abyss:1  | kae the Merfolk Abyssal Knight began the quest for the Orb.
     0 | Abyss:1  | Reached XP level 1. HP: 18/18 MP: 2/2
    66 | Abyss:1  | Noticed a spatial maelstrom
    67 | D:1      | Escaped the Abyss
    94 | D:1      | Reached ** piety under Lugonu
   237 | D:1      | Reached XP level 2. HP: 11/24 MP: 3/3
  1054 | D:1      | Reached XP level 3. HP: 26/29 MP: 4/4
  1171 | D:2      | Found a sparkling altar of Nemelex Xobeh.
  1223 | D:2      | Found a faded altar of an unknown god.
  1224 | D:2      | Noticed Natasha
  1234 | D:2      | Killed Natasha
  1342 | D:2      | Reached XP level 4. HP: 28/37 MP: 5/5
  1502 | D:2      | Found Nohuot's Weapon Shop.
  1709 | D:2      | Noticed Natasha
  1715 | D:2      | Killed Natasha
  1716 | D:2      | Reached skill level 1 in Armour
  1862 | D:2      | Noticed Natasha
  1880 | D:2      | Killed Natasha
  2196 | D:2      | Found a runed translucent door.
  2197 | D:2      | Noticed Crazy Yiuf
  2258 | D:3      | Found Tavuadah's Distillery.
  2263 | D:3      | Bought a potion of curing for 39 gold pieces
  2263 | D:3      | Bought a potion of degeneration for 13 gold pieces
  2272 | D:3      | Reached XP level 5. HP: 42/42 MP: 7/7
  2290 | D:3      | Found a hazy altar of Hepliaklqana.
  2361 | D:3      | Found Riuqin's Assorted Antiques.
  2379 | D:3      | Bought a golden potion for 22 gold pieces
  2379 | D:3      | Bought a scroll labelled YGIZEPN IGOEFF for 25 gold pieces
  2396 | D:3      | Slain by an iguana

Illustrated notes

Levels and vault maps discovered:
D:1:      eino_arrival_druids_welcome, layout_rooms
D:2:      layout_loops_ring, basic_altar, shapermc_ecumenical_altar_acropolis,
          serial_shops, nicolae_shop_bloodbath_and_beyond,
          uniq_crazy_yiuf_cottage, uniq_natasha
D:3:      layout_basic, lemuel_tele_altar, serial_shops,
          nicolae_shop_advertising_works [nicolae_subvault_shop_adworks],
          nicolae_lakefront_shop, nicolae_shop_behind_doors,
          nicolae_shop_hallway_plus, nicolae_shop_competitors_out_of_business,
          minmay_misc_feat_enclosed, guppyfry_early_lair_pool

Skill      XL: |  1  2  3  4  5 |
---------------+----------------+-----
Dodging        | 3 |  3.8
Long Blades    | 3 4 |  4.2
Armour         | 1 |  1.2
Fighting       | 4 |  4.0
Invocations    | |  2.9

Action                   |  1- 3 |  4- 6 || total
-------------------------+-------+-------++-------
Melee: Falchion          |    88 |    63 ||   151
       Tailslap          |     1 |       ||     1
       Punch             |       |     1 ||     1
Invok: Depart the Abyss  |     1 |       ||     1
  Use: Scroll            |       |     8 ||     8
Armor: Leather armour    |     3 |       ||     3
       Ring mail         |    30 |    19 ||    49
Dodge: Dodged            |    62 |    39 ||   101

Table legend: (Time is in decaauts)
 A = Elapsed time spent in this place.
 B = Non-inter-level travel time spent in this place.
 C = Inter-level travel time spent in this place.
 D = Time resting spent in this place.
 E = Time spent auto-exploring this place.
 F = Levels seen in this place.
 G = Mean time per level.
                   A        B        C        D        E       F      G
               +--------+--------+--------+--------+--------+-----+--------+
         Total |   2429 |   2355 |     74 |    665 |   1301 |   4 |  607.2 |
       Dungeon |   2362 |   2288 |     74 |    665 |   1237 |   3 |  787.3 |
         Abyss |     67 |     67 |      0 |      0 |     64 |   1 |   67.0 |
               +--------+--------+--------+--------+--------+-----+--------+

Top non-repeatable levels by time:
     D:1: 1112 daAuts
     D:2: 1064 daAuts
     D:3: 185 daAuts
 Abyss:1: 67 daAuts
